AoeStats
← yt536390

Four Lakes

510170409Analyzed
1v1 RM · 3d ago on Sep 29, 2026· 37m 24s· 2 players
Game mode
Random Map
Map size
Tiny (2 player)
Population
200
Speed
Normal
Resources
Standard
Victory
Conquest
Starting age
Dark Age
Ending age
Imperial Age
RankedLock teamsTeams togetherTeam positionsShared explorationLock speedFull tech treeHidden civsTurbo modeCheats
Victory
Defeat
🇨🇳 Koreans · China
1809
+20
🇬🇧 Celts · United Kingdom
1902
-20
yt536390
7:44 Loom
9:57 Feudal Age
14:56 Double-Bit Axe
15:16 Fishing Lines
21:36 Castle Age
19:45 Fletching
20:06 Gold Mining
22:26 Forging
22:47 Crossbowman
23:50 Gillnets
24:08 Bodkin Arrow
25:09 Light Cavalry
28:24 Medium Warships
32:05 Iron Casting
34:38 Imperial Age
33:40 Gold Shaft Mining
33:42 Bow Saw
34:14 Murder Holes
34:54 Thumb Ring
36:18 Bracer
36:43 Ballistics
37:23 Chemistry
38:16 Chemistry
37:29 Arrowslits
Pete
7:42 Loom
9:56 Feudal Age
9:58 Man-at-Arms
10:24 Double-Bit Axe
19:09 Castle Age
19:11 Fishing Lines
20:20 Bow Saw
20:22 Pikeman
21:03 Scale Mail Armor
23:35 Forging
26:35 Ballistics
29:47 Wheelbarrow
36:34 Fletching
37:25 Bodkin Arrow
Connection lost

Rejoining the realm…

Still unreachable

The connection could not be restored.

Session expired

The server has moved on; the page needs a fresh start.